 Dungeon Crawl Stone Soup version 0.32-a0-712-g515539a (webtiles) character file.

Game seed: 9781135666747867489

1301 PidgeyThePirate the Skirmisher (level 8, 0/61 HPs)
             Began as a Coglin Hunter on Mar 15, 2024.
             Was a Follower of Okawaru.
             Slain by a killer bee (5 damage)
             ... on level 7 of the Dungeon.
             The game lasted 00:06:14 (3715 turns).

PidgeyThePirate the Skirmisher (Coglin Hunter)      Turns: 3715, Time: 00:06:15

Health: 0/61       AC:  4    Str: 14    XL:     8   Next: 57%
Magic:  8/8        EV: 11    Int:  8    God:    Okawaru [*.....]
Gold:   245        SH:  0    Dex: 18    Spells: 7/7 levels left

rFire   . . .        a - +2 sling {Eiko}
rCold   . . .        d - +0 sling {Jim}
rNeg    . . .        c - +0 leather armour
rPois   .            (no helmet)
rElec   .            (no cloak)
rCorr   .            n - +0 pair of gloves
SInv    .            (no boots)
Will    .....        (amulet unavailable)
Stlth   ++           (ring unavailable)
HPRegen 0.30/turn    (ring unavailable)
MPRegen 0.11/turn    (no gizmo)

%: no passive effects
@: about to teleport
A: off-hand wielding, slow wielding, warmup strikes, no jewellery
a: Invent Gizmo, Renounce Religion, Heroism


You were on level 7 of the Dungeon.
You worshipped Okawaru.
Okawaru was aware of your devotion.
You visited 1 branch of the dungeon, and saw 7 of its levels.

You collected 245 gold pieces.

Inventory:

Hand Weapons
 a - a +2 sling (weapon) {Eiko}
 d - a +0 sling (offhand) {Jim}
Armour
 c - a +0 leather armour (worn)
 n - a +0 pair of gloves (worn)
Scrolls
 b - a scroll of butterflies
 g - a scroll of teleportation
 h - a scroll of noise {unknown}
 i - a scroll of blinking {unknown}
 j - a scroll of fog {unknown}
 m - 4 scrolls of identify
 p - a scroll of amnesia {unknown}
 q - a scroll of acquirement {unknown}
 s - a scroll of torment {unknown}
 t - a scroll of vulnerability {unknown}
 u - a scroll of revelation {unknown}
 v - a scroll of immolation {unknown}
Potions
 f - 2 potions of haste {unknown}
 k - 2 potions of enlightenment {unknown}
 l - a potion of might {unknown}
 o - 2 potions of heal wounds {unknown}
 r - 2 potions of brilliance {unknown}


   Skills:
 + Level 4.8 Fighting
 + Level 8.6 Ranged Weapons
 + Level 1.8 Armour
 + Level 2.5 Dodging
 + Level 0.8 Stealth


You had 7 spell levels left.
You didn't know any spells.
Your spell library contained the following spells:

 Spells                   Type           Power      Damage    Failure   Level
 Kiss of Death            Conj/Necr      0%         2d5       47%         1
 Sting                    Conj/Alch      0%         1d3       47%         1
 Mercury Vapours          Alch/Air       0%         N/A       63%         2
 Confusing Touch          Hex            0%         N/A       85%         3
 Dazzling Flash           Conj/Hex       0%         N/A       85%         3
 Dispel Undead            Necr           0%         3d6       99%         4
 Olgreb's Toxic Radiance  Alch           0%         N/A       99%         4
 Starburst                Conj/Fire      0%         6d3       100%        6
 Maxwell's Capacitive Co  Air            0%         ∞         100%        8


Dungeon Overview and Level Annotations

Branches:
Dungeon (7/15)             Temple (0/1) D:6

Altars:
Cheibriados
Dithmenos
Hepliaklqana
Makhleb
Nemelex Xobeh
Okawaru
Ru
Sif Muna
Trog
Wu Jian
Xom
Yredelemnul
The Shining One


Innate Abilities, Weirdness & Mutations

You can wield a second weapon in your off-hand.
It takes a long time for you to wield or remove held weapons.
Your first few attacks do less damage.
You cannot equip rings or amulets.


Message History

You feel sick. The killer bee closely misses you.
The killer bee stings you but does no damage.
You feel sick.
The killer bee attacks as it pursues you!
The killer bee closely misses you. The killer bee barely misses you.
The killer bee stings you.
You are more poisoned.
The killer bee poisons you! The killer bee barely misses you.
The killer bee stings you!
The killer bee stings you but does no damage.
You feel very sick. The killer bee closely misses you.
The killer bee attacks as it pursues you!
The killer bee stings you. The killer bee barely misses you.
You feel sick. The killer bee closely misses you.
The killer bee barely misses you.
An orc comes into view. It is wielding a +0 hand axe.
There is a stone staircase leading up here.
It was a potion of curing.
You feel better. The killer bee closely misses you.
The killer bee barely misses you. The killer bee closely misses you. x3
As you read the scroll labelled KELOPNOGGO, it crumbles to dust.
It is a scroll of identify.
g - 2 scrolls of teleportation The killer bee stings you.
The killer bee barely misses you. The killer bee closely misses you.
The killer bee barely misses you. The killer bee stings you.
* * * LOW HITPOINT WARNING * * *
The killer bee closely misses you.
You feel better. The killer bee misses you. The killer bee barely misses you.
The killer bee stings you!
* * * LOW HITPOINT WARNING * * *
The killer bee misses you. The killer bee barely misses you.
The killer bee misses you.
As you read the scroll of teleportation, it crumbles to dust.
You feel strangely unstable. The killer bee stings you.
* * * LOW HITPOINT WARNING * * *
The killer bee stings you!
* * * LOW HITPOINT WARNING * * *
The killer bee closely misses you. The killer bee stings you.
You die...

#......# +......#
######......+
#>..........#
#.....o.....#
#...........#
#...........########
#.....yy...........#
#.....@y...........#
#.....######.......#
#.....# #.......#
#.....# #.......#
#.....# #.......#
#.....# #.......#
#.....# #.......#
#.....# #.......#
####### #########


You could see 3 killer bees and an orc.

Vanquished Creatures
  2 water moccasins
  3 ice beasts (D:5)
  An ogre (D:6)
  A kobold brigand (D:6)
  2 scorpions
  2 bombardier beetles (D:4)
  2 jellies (D:6)
  3 hounds
  2 orc priests
  2 iguanas (D:4)
  An orc wizard (D:4)
  9 adders
  2 white imps (D:6)
  2 ribbon worms (D:4)
  2 dart slugs
  17 orcs
  3 bats (D:3)
  5 endoplasms
  A giant cockroach (D:3)
  2 hobgoblins (D:2)
  7 jackals
  4 quokkas
  3 ball pythons (D:4)
  2 frilled lizards
  9 goblins
  4 kobolds
  3 rats
96 creatures vanquished.

Notes
Turn   | Place    | Note
-------+----------+-------------------------------------------
     0 | D:1      | PidgeyThePirate the Coglin Hunter began the quest for the
                  | Orb.
     0 | D:1      | Reached XP level 1. HP: 16/16 MP: 1/1
    47 | D:1      | Reached XP level 2. HP: 23/23 MP: 2/2
    65 | D:1      | You fall into a shaft and drop 1 floor!
   227 | D:2      | Reached skill level 4 in Ranged Weapons
   495 | D:2      | Reached XP level 3. HP: 19/28 MP: 3/3
   688 | D:3      | Noticed a scorpion
   695 | D:3      | Killed a scorpion
   696 | D:3      | Reached XP level 4. HP: 25/34 MP: 4/4
   767 | D:3      | Reached skill level 5 in Ranged Weapons
   847 | D:3      | Found a shimmering blue altar of Sif Muna.
   853 | D:3      | Found a bloodstained altar of Trog.
   914 | D:3      | Reached XP level 5. HP: 40/40 MP: 5/5
  1556 | D:4      | Reached XP level 6. HP: 47/47 MP: 6/6
  1583 | D:4      | Reached skill level 6 in Ranged Weapons
  1705 | D:4      | Reached XP level 7. HP: 44/52 MP: 7/7
  2443 | D:5      | Entered Level 5 of the Dungeon
  2581 | D:5      | Found a burning altar of Makhleb.
  2581 | D:5      | Found a hazy altar of Hepliaklqana.
  2584 | D:5      | Found a sparkling altar of Nemelex Xobeh.
  2584 | D:5      | Found a sacrificial altar of Ru.
  2584 | D:5      | Found a glowing golden altar of the Shining One.
  2585 | D:5      | Found an iron altar of Okawaru.
  2586 | D:5      | Found a basalt altar of Yredelemnul.
  2586 | D:5      | Found a shadowy altar of Dithmenos.
  2587 | D:5      | Found a snail-covered altar of Cheibriados.
  2588 | D:5      | Found an ornate altar of the Wu Jian Council.
  2588 | D:5      | Found a shimmering altar of Xom.
  2594 | D:5      | Became a worshipper of Warmaster Okawaru
  2632 | D:5      | Reached skill level 7 in Ranged Weapons
  2671 | D:5      | Reached skill level 1 in Armour
  2919 | D:5      | Reached * piety under Okawaru
  2920 | D:5      | Reached XP level 8. HP: 61/61 MP: 8/8
  3279 | D:6      | Reached skill level 8 in Ranged Weapons
  3328 | D:6      | Found a staircase to the Ecumenical Temple.
  3715 | D:7      | Slain by a killer bee

Illustrated notes

Levels and vault maps discovered:
D:1:      scummos_arrival_checkerplants, layout_basic,
          ebering_ecumenical_altar_hall, nicolae_shop_vocational
D:2:      layout_basic
D:3:      layout_loops_cross, hellmonk_overflow_destroyed_library,
          grunt_ministairs_3, minmay_misc_feat_pillars,
          kennysheep_generic_room_7
D:4:      layout_loops_ring, dreamdust_wishing_well
D:5:      layout_loops_cross, nicolae_overflows_in_rows,
          hangedman_minor_gate_pass
D:6:      layout_basic, minmay_temple_entry_ruins
D:7:      layout_gridville, nicolae_uskayaw_en_pointe,
          nicolae_elyvilon_peaceful_grove, nicolae_wooded_promenade,
          abandoned_shop

Skill      XL: |  1  2  3  4  5  6  7  8 |
---------------+-------------------------+-----
Ranged Weapons | 4 5 6 7 8 |  8.6
Dodging        | 2 |  2.5
Fighting       | 3 4 |  4.8
Armour         | 1 |  1.8
Stealth        | |  0.8

Action                     |  1- 3 |  4- 6 |  7- 9 || total
---------------------------+-------+-------+-------++-------
   Fire: Sling             |    98 |   204 |   248 ||   550
    Use: Scroll            |       |       |     2 ||     2
         Potion            |       |       |     2 ||     2
 Armour: Leather armour    |    12 |    17 |    33 ||    62
  Dodge: Dodged            |    10 |    27 |    41 ||    78

Table legend: (Time is in decaauts)
 A = Elapsed time spent in this place.
 B = Non-inter-level travel time spent in this place.
 C = Inter-level travel time spent in this place.
 D = Time resting spent in this place.
 E = Time spent auto-exploring this place.
 F = Levels seen in this place.
 G = Mean time per level.
                   A        B        C        D        E       F      G
               +--------+--------+--------+--------+--------+-----+--------+
         Total |   3749 |   3580 |    169 |      0 |   3071 |   7 |  535.6 |
       Dungeon |   3749 |   3580 |    169 |      0 |   3071 |   7 |  535.6 |
               +--------+--------+--------+--------+--------+-----+--------+

Top non-repeatable levels by time:
     D:4: 948 daAuts
     D:3: 844 daAuts
     D:5: 828 daAuts
     D:2: 613 daAuts
     D:6: 410 daAuts
     D:1: 67 daAuts
     D:7: 37 daAuts
